 Dungeon Crawl Stone Soup version 0.24.1-11-gbbbb2193e6 (webtiles) character file.

Game seed: 14610121213243250551, levelgen mode: deterministic

51 H0rd4k the Magician (level 3, -18/19 HPs)
             Began as a Deep Elf Wizard on May 12, 2020.
             Demolished by an ogre
             ... wielding a +0 giant club
              (27 damage)
             ... on level 2 of the Dungeon.
             The game lasted 00:02:27 (1419 turns).

H0rd4k the Magician (Deep Elf Wizard)               Turns: 1419, Time: 00:02:27

Health: -18/19     AC:  5    Str:  4    XL:     3   Next: 57%
Magic:  0/12       EV: 13    Int: 23    God:
Gold:   102        SH:  0    Dex: 13    Spells: 5/14 levels left

rFire    . . .     SeeInvis .   (no weapon)
rCold    . . .     Gourm    .   (no shield)
rNeg     . . .     Faith    .   a - +0 robe
rPois    .         Spirit   .   b - +0 hat
rElec    .         Reflect  .   (no cloak)
rCorr    .         Harm     .   (no gloves)
MR       .....                  o - +2 pair of boots
Stlth    ++........             (no amulet)
HPRegen  0.06/turn              (no ring)
MPRegen  0.13/turn              (no ring)

@: very slightly contaminated
A: no striking features
a: no special abilities


You were on level 2 of the Dungeon.
You were very hungry.

You visited 1 branch of the dungeon, and saw 2 of its levels.

You collected 102 gold pieces.

Inventory:

Missiles
 k - 23 poisoned darts (quivered)
Armour
 a - a +0 robe (worn)
 b - a +0 hat (worn)
 o - a +2 pair of boots (worn)
Scrolls
 c - 2 scrolls of teleportation {unknown}
 f - 3 scrolls of identify {unknown}
 i - 2 scrolls of remove curse {unknown}
 j - 2 scrolls of fog {unknown}
 m - a scroll of magic mapping {unknown}
 p - a scroll of enchant weapon {unknown}
Potions
 e - a potion of haste {unknown}
 g - a potion of degeneration {unknown}
 h - a potion of agility {unknown}
 l - 2 potions of lignification {unknown}
 n - a potion of flight {unknown}
 q - 2 potions of might {unknown}
Comestibles
 d - 2 rations


   Skills:
 + Level 2.7 Dodging
 + Level 2.5 Stealth
 + Level 6.0 Spellcasting
 + Level 1.5 Conjurations
   Level 1.1 Summonings
 + Level 1.1 Translocations


You had 5 spell levels left.
You knew the following spells:

 Your Spells              Type           Power        Failure   Level  Hunger
a - Magic Dart            Conj           ##..         4%          1    None
b - Blink                 Tloc           N/A          9%          2    None
c - Conjure Flame         Conj/Fire      ##......     19%         3    #......
d - Mephitic Cloud        Conj/Pois/Air  #.......     21%         3    #......

Your spell library contained the following spells:

 Spells                   Type           Power        Failure   Level  Hunger
 Call Imp                 Summ           ##......     9%          2    None
 Slow                     Hex            #.......     13%         2    None


Dungeon Overview and Level Annotations

Branches:
Dungeon (2/15)

Altars:
Qazlal

Annotations:
D:1 exclusion: downstairs


Message History

Unknown command.
Casting: Magic Dart (safe; 4% risk of failure)
Confirm with . or Enter, or press ? or * to list all spells.
Aiming: Magic Dart (safe; 4% risk of failure)
Press: ? - help, Shift-Dir - straight line, f/p - ogre
Aim: an ogre, wielding a +0 giant club (almost dead)
The magic dart hits the ogre.
The ogre is almost dead.
The ogre hits you with a +0 giant club!
Ouch! That really hurt!
Casting: Magic Dart (safe; 4% risk of failure)
Confirm with . or Enter, or press ? or * to list all spells.
Aiming: Magic Dart (safe; 4% risk of failure)
Press: ? - help, Shift-Dir - straight line, f/p - ogre
Aim: an ogre, wielding a +0 giant club (almost dead)
The magic dart hits the ogre.
The ogre is almost dead.
The ogre hits you with a +0 giant club!!
Ouch! That really hurt!
You die...

#.# #.# #. #.#
#.# #. #.# #.#
#. #.# #.# #.
#.# #.# #. #.#
#.# ## #.# #.#
#.##########.#
#.@O.........#
##############


You could see an ogre.

Vanquished Creatures
  An adder (D:2)
  A dart slug (D:1)
  3 leopard geckos
  3 giant cockroaches
  4 goblins
  6 hobgoblins
  A quokka (D:2)
  4 bats (D:1)
  2 frilled lizards (D:1)
  4 kobolds (D:1)
  8 rats
37 creatures vanquished.

Notes
Turn   | Place    | Note
-------+----------+-------------------------------------------
     0 | D:1      | H0rd4k the Deep Elf Wizard began the quest for the Orb.
     0 | D:1      | Reached XP level 1. HP: 10/10 MP: 7/7
    70 | D:1      | Reached skill level 5 in Spellcasting
    94 | D:1      | Reached XP level 2. HP: 15/15 MP: 0/10
   747 | D:2      | Reached XP level 3. HP: 19/19 MP: 6/12
  1060 | D:2      | Found a stormy altar of Qazlal.
  1062 | D:2      | Noticed a water elemental
  1063 | D:2      | Noticed an air elemental
  1063 | D:2      | Noticed an earth elemental
  1063 | D:2      | Noticed a fire elemental
  1144 | D:2      | Reached skill level 6 in Spellcasting
  1254 | D:2      | Noticed an ogre
  1327 | D:1      | Learned a level 2 spell: Blink
  1331 | D:1      | Learned a level 3 spell: Conjure Flame
  1335 | D:1      | Learned a level 3 spell: Mephitic Cloud
  1419 | D:2      | Demolished by an ogre

Levels and vault maps discovered:
D:1:      dpeg_arrival_tiny_i, layout_rooms
D:2:      layout_basic, nicolae_overflow_hidden_temple, nrook_mini_backslash,
          nicolae_qazlal_style_of_elements

Skill      XL: |  1  2  3 |
---------------+----------+-----
Spellcasting   | 5 6 |  6.0
Dodging        | |  2.7
Stealth        | |  2.5
Conjurations   | |  1.5
Summonings     | |  1.1
Translocations | |  1.1

Action                   || total
-------------------------++-------
 Cast: Magic Dart        ||    94
       Conjure Flame     ||     1
Armor: Robe              ||     1
Dodge: Dodged            ||    13
